 Dungeon Crawl Stone Soup version 0.21.1-1-g345015fe64 (webtiles) character file.

409 Brecoman the Cudgeler (level 6, -1/57 HPs)
             Began as a Gargoyle Berserker on June 18, 2018.
             Was a Priest of Trog.
             Slain by a gnoll
             ... wielding a +0 club
              (7 damage)
             ... on level 4 of the Dungeon.
             The game lasted 00:17:23 (2405 turns).

Brecoman the Cudgeler (Gargoyle Berserker)          Turns: 2405, Time: 00:17:24

Health: -1/57      AC:  7    Str: 28    XL:     6   Next: 89%
Magic:  6/6        EV: 12    Int:  7    God:    Trog [***...]
Gold:   115        SH:  0    Dex:  9    Spells: 5/5 levels left

rFire    . . .     SeeInvis .   a - +0 mace
rCold    . . .     Gourm    .   (no shield)
rNeg     + + .     Faith    .   q - +0 leather armour {MR+}
rPois    ∞         Spirit   .   (no helmet)
rElec    +         Reflect  .   (no cloak)
rCorr    .         Harm     .   (no gloves)
MR       +....                  (no boots)
Stlth    ..........             (no amulet)
HPRegen  0.19/turn              e - ring of poison resistance
MPRegen  0.10/turn              g - ring of positive energy

@: berserking, very quick
A: negative energy resistance 1, electricity resistance, unbreathing,
petrification resistance, rot immunity, AC +4
a: Berserk, Trog's Hand, Burn Spellbooks, Renounce Religion


You were on level 4 of the Dungeon.
You worshipped Trog.
Trog was most pleased with you.
You were hungry.

You visited 1 branch of the dungeon, and saw 4 of its levels.

You collected 180 gold pieces.
You spent 65 gold pieces at shops.

Inventory:

Hand Weapons
 a - a +0 mace (weapon)
 p - a +0 flail
 t - a +0 hand crossbow
Missiles
 f - 67 stones (quivered)
Armour
 b - a +0 animal skin
 k - a +0 chain mail
 q - a +0 leather armour of magic resistance (worn)
Magical Staves
 d - an uncursed staff of power {unknown}
Jewellery
 e - a ring of poison resistance (left hand)
 g - a ring of positive energy (right hand)
Scrolls
 h - 2 scrolls of teleportation {unknown}
 i - a scroll of fear
Potions
 j - a potion of heal wounds {unknown}
 l - a potion of haste {unknown}
 m - a potion of curing {unknown}
 n - a potion of agility {unknown}
 o - a potion of flight {unknown}
 r - a potion of brilliance {unknown}
 s - a potion of mutation {unknown}
 u - a potion of magic {unknown}
Comestibles
 c - 3 rations


   Skills:
 - Level 3.9 Fighting
 * Level 7.0 Maces & Flails
 - Level 2.4 Armour
 - Level 2.0 Dodging


You had 5 spell levels left.
You didn't know any spells.

Dungeon Overview and Level Annotations

Branches:
Dungeon (4/15)
 Temple: D:4-7

Altars:
Elyvilon
Yredelemnul

Shops:
D:4 %


Innate Abilities, Weirdness & Mutations

You are resistant to torment.
Your stone body is resilient. (AC +4)
You are immune to poison.
You resist negative energy. (rN+)
You are resistant to electric shocks. (rElec)
You can survive without breathing.
You are immune to petrification.
You are immune to rotting.


Message History

The gnoll hits you but does no damage. x2; The gnoll hits you.
* * * LOW HITPOINT WARNING * * *
The gnoll barely misses you.
You completely miss the gnoll.
The gnoll is severely wounded.
The gnoll hits you but does no damage. x2; The gnoll misses you.
You barely miss the gnoll.
The gnoll is severely wounded.
The gnoll completely misses you. The gnoll hits you.
* * * LOW HITPOINT WARNING * * *
The gnoll hits you with a spear.
* * * LOW HITPOINT WARNING * * *
You are too berserk!
You are too berserk!
You sock the gnoll!
You kill the gnoll!
Trog accepts your kill.
Your Maces & Flails skill increases to level 7!
The gnoll hits you with a club!
You die...

#####.....#
#####.# #.# #
## #.# #.#.
#.#
#.#.#######.#
#...........#
+....gg)....#
#...g@......#
#...........#
#...........#
#######...#.#
###.#.# #...>
####.# #


You could see 3 gnolls.

Vanquished Creatures
  A human (D:4)
  A scorpion (D:4)
  An orc wizard (D:3)
  2 human skeletons (D:4)
  A gnoll (D:4)
  5 adders
  An ooze (D:3)
  A dart slug (D:1)
  3 worms
  A leopard gecko (D:1)
  5 orcs (D:3)
  2 giant cockroaches (D:1)
  8 goblins
  12 hobgoblins
  2 jackals (D:3)
  2 quokkas
  2 ball pythons
  5 bats
  2 frilled lizards
  11 kobolds
  A kobold zombie (D:4)
  6 rats
75 creatures vanquished.

Notes
Turn   | Place    | Note
-------+----------+-------------------------------------------
     0 | D:1      | Brecoman the Gargoyle Berserker began the quest for the Orb.
     0 | D:1      | Reached XP level 1. HP: 14/14 MP: 1/1
    99 | D:1      | Reached XP level 2. HP: 19/19 MP: 2/2
   285 | D:1      | Reached ** piety under Trog
   333 | D:1      | Reached XP level 3. HP: 23/24 MP: 3/3
   957 | D:2      | Found a white marble altar of Elyvilon.
  1102 | D:2      | Reached skill level 4 in Maces & Flails
  1102 | D:2      | Reached XP level 4. HP: 25/29 MP: 4/4
  1762 | D:3      | Reached *** piety under Trog
  1765 | D:3      | Reached skill level 5 in Maces & Flails
  1765 | D:3      | Reached XP level 5. HP: 21/33 MP: 5/5
  2006 | D:4      | Noticed a human
  2021 | D:4      | Found a runed door.
  2035 | D:4      | Found a basalt altar of Yredelemnul.
  2067 | D:4      | Killed a human
  2067 | D:4      | Reached skill level 6 in Maces & Flails
  2067 | D:4      | Reached XP level 6. HP: 16/38 MP: 6/6
  2097 | D:4      | Found Negh's Food Emporium.
  2144 | D:4      | Bought a ration for 65 gold pieces
  2405 | D:4      | Reached skill level 7 in Maces & Flails
  2405 | D:4      | Slain by a gnoll

Skill      XL: |  1  2  3  4  5  6 |
---------------+-------------------+-----
Dodging        | 2 |  2.0
Maces & Flails | 4 5 6 7 |  7.0
Fighting       | |  3.9
Armour         | |  2.4

Action                   |  1- 3 |  4- 6 || total
-------------------------+-------+-------++-------
Melee: Mace              |   125 |   165 ||   290
Invok: Berserk           |     1 |     4 ||     5
       Trog's Hand       |       |     1 ||     1
  Use: Scroll            |     2 |     1 ||     3
 Stab: Sleeping          |       |     1 ||     1
  Eat: Chunk             |     2 |     7 ||     9
Armor: Animal skin       |    61 |    12 ||    73
       Chain mail        |       |    28 ||    28
       Leather armour    |       |    19 ||    19
Dodge: Dodged            |   138 |    96 ||   234
